 Dungeon Sprint DCSS version 0.27.1-34-g3ba077fa99 (webtiles) character file.

Game seed: 12871230775505518606

278 boopmooplesden the Cleaver (level 8, -5/81 HPs)
             Began as a Minotaur Fighter on Jan 16, 2022.
             Was an Elder of Okawaru.
             Slain by the 27-headed Lernaean hydra (6 damage)
             ... in the Dungeon (Sprint VI: "Thunderdome").
             The game lasted 00:04:36 (713 turns).

boopmooplesden the Cleaver (Minotaur Fighter)        Turns: 713, Time: 00:04:36

Health: -5/81      AC: 17    Str: 22    XL:     8   Next: 29%
Magic:  14/16      EV: 16    Int:  5    God:    Okawaru [****..]
Gold:   96         SH: 15    Dex: 16    Spells: 7/7 levels left

rFire    . . .     SeeInvis .   a - +0 war axe
rCold    + . .     Faith    .   c - +0 kite shield
rNeg     + + .     Spirit   .   s - +0 chain mail
rPois    .         Reflect  .   t - +2 hat of the Armoured One {Slay+2}
rElec    .         Harm     .   r - +0 cloak
rCorr    .         Rampage  .   (no gloves)
Will     .....     NoTele   +   (no boots)
Stlth    ++........             q - amulet of Untruth {Acrobat Dex+4}
HPRegen  0.23/turn              o - ring "Anwoxt" {rN+ EV+4 Str+2 Stlth+}
MPRegen  0.15/turn              p - ring "Tauriah" {rC+ rN+ MP+9 Str-3 Dex+2}

@: heroic
A: horns 2, retaliatory headbutt
a: Renounce Religion, Heroism


You were in the Dungeon.
You worshipped Okawaru.
Okawaru was greatly pleased with you.
You visited 1 branch You collected 600 gold pieces.
You spent 504 gold pieces at shops.

Inventory:

Hand Weapons
 a - a +0 war axe (weapon)
Armour
 b - a +0 scale mail
 c - a +0 kite shield (worn)
 r - a +0 cloak (worn)
 s - a +0 chain mail (worn)
 t - the +2 hat of the Armoured One (worn) {Slay+2}
   (You bought it in a shop in the Dungeon)

   Slay:      It affects your accuracy & damage with ranged weapons and melee
   (+2).
Jewellery
 o - the ring "Anwoxt" (left hand) {rN+ EV+4 Str+2 Stlth+}
   (You bought it in a shop in the Dungeon)

   [ring of evasion]

   EV:        It affects your evasion (+4).
   Str:       It affects your strength (+2).
   rN:        It protects you from negative energy.
   Stlth:     It makes you more stealthy.
 p - the ring "Tauriah" (right hand) {rC+ rN+ MP+9 Str-3 Dex+2}
   (You bought it in a shop in the Dungeon)

   [ring of magical power]

   Str:       It affects your strength (-3).
   Dex:       It affects your dexterity (+2).
   rC:        It protects you from cold.
   rN:        It protects you from negative energy.
   MP:        It affects your magic capacity (+9).
 q - the amulet of Untruth (around neck) {Acrobat Dex+4}
   (You bought it in a shop in the Dungeon)

   [amulet of the acrobat]

   It increases your evasion while moving and waiting.
   Dex:       It affects your dexterity (+4).
Wands
 l - a wand of acid (5)
 m - a wand of iceblast (5)
Scrolls
 j - 4 scrolls of blinking
 n - 3 scrolls of fog
Potions
 d - a potion of might
 e - a potion of curing
 f - 3 potions of heal wounds
 g - 4 potions of haste
 h - 2 potions of magic
 i - a potion of berserk rage
 k - a potion of resistance


   Skills:
 + Level 10.8(15.8) Fighting
 + Level 11.7(16.7) Axes
 + Level 11.2(16.2) Armour
 + Level 2.1(7.1) Dodging
 + Level 2.4(7.4) Stealth
 + Level 11.0(16.0) Shields
 + Level 0.2 Invocations


You had 7 spell levels left.
You didn't know any spells.
Your spell library was empty.

Dungeon Overview and Level Annotations

Branches:
Dungeon (1/1)

Altars:
Cheibriados
Dithmenos
Fedhas
Gozag
Kikubaaqudgha
Makhleb
Okawaru
Qazlal
Ru
Sif Muna
Trog
Uskayaw
Vehumet
Wu Jian
Xom
Yredelemnul
Zin
The Shining One
Beogh
Jiyva
Lugonu

Shops:
D *[??*?*:[((!!!!

Annotations:
D Lernaean hydra


Innate Abilities, Weirdness & Mutations

You have a pair of horns on your head.
You reflexively headbutt those who attack you in melee.


Message History

You start resting.
Get ready!
You start resting.
ROUND 5!
BOSS ROUND!
You sense a tension in the east.
The 27-headed Lernaean hydra comes into view.
There is a staircase leading out of the dungeon here.
A spriggan rider comes into view. It is wielding a +0 spear.
The spriggan rider shouts!
The spriggan rider closely misses you.
You gain the combat prowess of a mighty hero.
You block the spriggan rider's attack. You block the spriggan rider's attack.
The spriggan rider hits you from afar with a +0 spear.
You barely miss the 27-headed Lernaean hydra.
The 27-headed Lernaean hydra bites you but does no damage. x3
The 27-headed Lernaean hydra bites you!
You block the 27-headed Lernaean hydra's attack.
The 27-headed Lernaean hydra bites you.
You block the 27-headed Lernaean hydra's attack.
The 27-headed Lernaean hydra misses you.
The 27-headed Lernaean hydra bites you but does no damage.
The 27-headed Lernaean hydra closely misses you.
The 27-headed Lernaean hydra bites you but does no damage.
The 27-headed Lernaean hydra completely misses you.
The 27-headed Lernaean hydra closely misses you.
You block the 27-headed Lernaean hydra's attack.
The 27-headed Lernaean hydra bites you! x2
* * * LOW HITPOINT WARNING * * *
The 27-headed Lernaean hydra bites you but does no damage.
The 27-headed Lernaean hydra bites you!
* * * LOW HITPOINT WARNING * * *
The 27-headed Lernaean hydra bites you but does no damage.
The 27-headed Lernaean hydra closely misses you.
The 27-headed Lernaean hydra bites you but does no damage.
The 27-headed Lernaean hydra bites you!
* * * LOW HITPOINT WARNING * * *
The 27-headed Lernaean hydra bites you but does no damage.
The 27-headed Lernaean hydra bites you.
You die...

#........_# #_.)....._#
###.........### #⌠...........⌠#
######.8.........8.######
##.___......###.......__∩##
###∩........8.# #.8..÷.....∩###
#.............###Di...........##
⌠..........###..@###..........⌠#
⌠..........# #.<.# #..........⌠#
⌠..........###...###..........⌠#
#.............###.............##
###∩........8.# #.8........∩###
##∩___...÷..###..)...___∩##
######.8.........8.######
#⌠...........⌠# ###.........###


You could see the 27-headed Lernaean hydra and a spriggan rider.

Vanquished Creatures
  Sigmund (D)
  4 fire elementals (D)
  2 fire bats (D)
  A naga (D)
  A water moccasin (D)
  Terence (D)
  3 adders (D)
  3 worms (D)
  4 giant cockroaches (D)
  2 ball pythons (D)
  A bat (D)
23 creatures vanquished.

Notes
Turn   | Place    | Note
-------+----------+-------------------------------------------
     0 | D        | boopmooplesden the Minotaur Fighter began the quest for the
                  | Orb.
     0 | D        | Reached XP level 1. HP: 19/19 MP: 0/0
     3 | D        | Found an iron altar of Okawaru.
     3 | D        | Found a shimmering altar of Xom.
     4 | D        | Found a burning altar of Makhleb.
     5 | D        | Found an ornate altar of the Wu Jian Council.
     5 | D        | Found a glowing golden altar of the Shining One.
     5 | D        | Round 1.
     6 | D        | Found a hide-covered altar of Uskayaw.
     6 | D        | Found a sacrificial altar of Ru.
     6 | D        | Found Fetzeidae's Identification Station.
     7 | D        | Found Taosky's Jewellery.
     7 | D        | Found Rapontur's Advanced Armour.
    11 | D        | Became a worshipper of Warmaster Okawaru
    16 | D        | Bought a wavering golden ring for 45 gold pieces
    16 | D        | Identified the ring "Anwoxt" {rN+ EV+4 Str+2 Stlth+} (You
                  | bought it in a shop in the Dungeon)
    16 | D        | Bought a transparent turquoise ring for 45 gold pieces
    16 | D        | Identified the ring "Tauriah" {rC+ rN+ MP+9 Str-3 Dex+2}
                  | (You bought it in a shop in the Dungeon)
    16 | D        | Bought a brightly glowing tin amulet for 45 gold pieces
    16 | D        | Identified the amulet of Untruth {Acrobat Dex+4} (You
                  | bought it in a shop in the Dungeon)
    33 | D        | Found a viscous altar of Jiyva.
    33 | D        | Found a shadowy altar of Dithmenos.
    34 | D        | Found an opulent altar of Gozag.
    34 | D        | Found a basalt altar of Yredelemnul.
    34 | D        | Found Wialyacw's Magic Scroll Shop.
    34 | D        | Found Qylarijo's Staff Store.
    35 | D        | Found Enlu's Magic Scroll Shop.
    35 | D        | Found Feffunt's Must-Have Magic.
    39 | D        | Found a stormy altar of Qazlal.
    40 | D        | Found Fiklead's Distillery.
    40 | D        | Found a blossoming altar of Fedhas.
    40 | D        | Found an ancient bone altar of Kikubaaqudgha.
    40 | D        | Found a corrupted altar of Lugonu.
    40 | D        | Found Enosetsis's Do-It-Yourself Clinic.
    41 | D        | Found Tun Sieng's Distillery.
    41 | D        | Found Soyr's Bottled Wisdom.
    43 | D        | Noticed Terence
    44 | D        | Found a snail-covered altar of Cheibriados.
    46 | D        | Found a bloodstained altar of Trog.
    50 | D        | Killed Terence
    51 | D        | Reached skill level 5 in Fighting
    51 | D        | Reached skill level 5 in Armour
    51 | D        | Reached skill level 5 in Shields
    51 | D        | Reached XP level 2. HP: 1/29 MP: 1/1
    56 | D        | Reached XP level 3. HP: 24/36 MP: 2/2
    56 | D        | Found Zeemaat Vouc's Weapon Rack.
    57 | D        | Found a radiant altar of Vehumet.
    57 | D        | Found a shimmering blue altar of Sif Muna.
    57 | D        | Found a glowing silver altar of Zin.
    57 | D        | Found Vonipr Jupnu's Premium Goods.
    57 | D        | Found Zaenall's Basic Armour.
    57 | D        | Found Afughyap's Miscellaneous Merchandise.
    65 | D        | Bought a +0 cloak for 54 gold pieces
    75 | D        | Noticed Sigmund
    86 | D        | Killed Sigmund
    86 | D        | Reached * piety under Okawaru
    87 | D        | Reached skill level 5 in Axes
    87 | D        | Reached XP level 4. HP: 23/48 MP: 3/3
    87 | D        | Reached XP level 5. HP: 25/53 MP: 4/4
   135 | D        | Arena points: 12 (+12) [x2]
   184 | D        | Round 2.
   250 | D        | Reached ** piety under Okawaru
   343 | D        | Arena points: 54 (+42) [x3]
   379 | D        | Round 3.
   400 | D        | Reached skill level 1 in Stealth
   425 | D        | Noticed a water moccasin
   431 | D        | Killed a water moccasin
   432 | D        | Reached XP level 6. HP: 57/63 MP: 5/5
   452 | D        | Noticed a naga
   460 | D        | Killed a naga
   460 | D        | Arena points: 138 (+84) [x4]
   520 | D        | Round 4.
   523 | D        | Noticed a fire bat
   533 | D        | Killed a fire bat
   534 | D        | Reached skill level 10 in Armour
   534 | D        | Reached XP level 7. HP: 60/71 MP: 6/6
   562 | D        | Noticed a fire bat
   571 | D        | Killed a fire bat
   571 | D        | Reached *** piety under Okawaru
   572 | D        | Reached skill level 10 in Fighting
   572 | D        | Reached skill level 1 in Dodging
   572 | D        | Reached skill level 10 in Shields
   597 | D        | Noticed a fire elemental
   604 | D        | Killed a fire elemental
   605 | D        | Reached skill level 10 in Axes
   611 | D        | Noticed a fire elemental
   621 | D        | Killed a fire elemental
   621 | D        | Noticed a fire elemental
   622 | D        | Reached XP level 8. HP: 42/80 MP: 7/7
   639 | D        | Reached **** piety under Okawaru
   639 | D        | Arena points: 278 (+140) [x5]
   658 | D        | Bought a heavily runed hat for 315 gold pieces
   658 | D        | Identified the +2 hat of the Armoured One {Slay+2} (You
                  | bought it in a shop in the Dungeon)
   691 | D        | Round 5.
   694 | D        | Noticed the 27-headed Lernaean hydra
   706 | D        | Noticed a spriggan rider
   713 | D        | HP: 1/81 [the 27-headed Lernaean hydra (9)]
   713 | D        | Slain by the 27-headed Lernaean hydra

Illustrated notes

Levels and vault maps discovered:
D:        arena_sprint

Skill      XL: |  1  2  3  4  5  6  7  8 |
---------------+-------------------------+-----
Fighting       | 5 8 9 10 | 10.8
Axes           | 3 5 7 9 11 | 11.7
Armour         | 5 8 9 10 11 | 11.2
Shields        | 5 7 8 9 10 11 | 11.0
Stealth        | 1 2 |  2.4
Dodging        | 1 2 |  2.1
Invocations    | |  0.2

Action                   |  1- 3 |  4- 6 |  7- 9 || total
-------------------------+-------+-------+-------++-------
Melee: War axe           |    16 |    39 |    20 ||    75
       Headbutt          |     4 |    11 |     4 ||    19
Invok: Heroism           |       |       |     2 ||     2
  Use: Potion            |     1 |       |       ||     1
Armor: Scale mail        |     2 |     2 |       ||     4
       Chain mail        |       |     5 |    16 ||    21
Dodge: Dodged            |     5 |    24 |    12 ||    41
Block: Kite shield       |     4 |    30 |    22 ||    56
